 Dungeon Crawl Stone Soup version 0.17.1-1-g73c8601 (webtiles) character file.

9802 PossumBlood the Carver (level 11, 0/153 HPs)
             Began as a Minotaur Fighter on Jan 6, 2016.
             Was a High Priest of Okawaru.
             Slain by a 16-headed hydra (4 damage)
             ... on level 11 of the Dungeon.
             The game lasted 00:30:25 (10391 turns).

PossumBlood the Carver (Minotaur Fighter)          Turns: 10391, Time: 00:30:27

Health: 0/153      AC: 25    Str: 23    XL:     11   Next: 27%
Magic:  3/10       EV:  2    Int:  5    God:    Okawaru [*****.]
Gold:   594        SH:  0    Dex: 11    Spells: 0 memorised, 10 levels left

rFire  + . .     SeeInvis .     B - +5 falchion "Cyxaokim" {venom, *Corrode rElec rF+ rN+}
rCold  + . .     Clarity  .     (armour currently unavailable)
rNeg   + + +     SustAt   .     (no shield)
rPois  +         Gourm    .     (helmet currently unavailable)
rElec  +         Spirit   .     (cloak currently unavailable)
rCorr  +         Warding  .     (gloves currently unavailable)
rMut   .         NoTele   +     (boots currently unavailable)
MR     .....                    q - amulet of resist corrosion
Stlth  ++........               C - ring of stealth
                                o - ring of protection from cold

@: tree-form, very slightly contaminated, invisible, not resistant to hostile
enchantments, unstealthy
A: (retaliatory headbutt), (horns 0), spit poison 1
a: Spit Poison, Heroism, Finesse, Renounce Religion


You were on level 11 of the Dungeon.
You worshipped Okawaru.
Okawaru was extremely pleased with you.
You were not hungry.
You were a tree.
You visited 2 branches of the dungeon, and saw 12 of its levels.

You collected 594 gold pieces.

Inventory:

Hand Weapons
 a - a +0 long sword
 n - a +0 great sword
 v - a +2 long sword
 A - a +4 falchion
 B - the +5 falchion "Cyxaokim" (weapon) {venom, *Corrode rElec rF+ rN+}
   (You acquired it on level 8 of the Dungeon)

   It poisons the flesh of those it strikes.
   It protects you from fire.
   It insulates you from electricity.
   It protects you from negative energy.
   It may corrode your equipment when you take damage.
 K - the +3 glaive of the Sybil {vamp, rElec rN+ Dex+4, unknown}
   (You found it on level 11 of the Dungeon)

   It inflicts no extra harm, but heals its wielder somewhat when it strikes a
   living foe.
   It affects your dexterity (+4).
   It insulates you from electricity.
   It protects you from negative energy.
 L - a +1 falchion
Missiles
 h - 10 tomahawks (quivered)
Armour
 c - a +1 shield
 r - a +0 plate armour (melded)
 w - a +0 pair of boots (melded)
 y - the +1 ring mail "Oforor Rawuv" {rElec rN+ Int+2}
   (You found it on level 7 of the Dungeon)

   It affects your intelligence (+2).
   It insulates you from electricity.
   It protects you from negative energy.
 D - a +2 hat (melded)
 F - a +0 cloak (melded)
 Q - a +0 plate armour
 R - a +1 pair of gloves of dexterity (melded)
Magical Staves
 m - an uncursed staff of fire {unknown}
 H - an uncursed staff of air {unknown}
Jewellery
 o - a ring of protection from cold (left branch)
 q - an amulet of resist corrosion (around neck)
 C - a ring of stealth (right branch)
Wands
 s - a wand of cold (3)
 J - a wand of paralysis (11)
 M - a wand of fireball (9)
 P - a wand of random effects (18)
Scrolls
 b - 2 scrolls of teleportation
 d - 6 scrolls of enchant armour
 g - a scroll of fog
 p - 3 scrolls of identify
 u - 3 scrolls of blinking
 E - a scroll of recharging
 I - a scroll of remove curse
Potions
 i - 3 potions of curing
 k - a potion of brilliance
 x - a potion of berserk rage
 G - a potion of agility
 N - a potion of magic
Books
 O - a Grand Grimoire

   Spells                             Type                      Level
   a - Monstrous Menagerie            Summoning                    6
   b - Summon Greater Demon           Summoning                    7
   c - Malign Gateway                 Summoning/Translocation      7
   d - Summon Horrible Things         Summoning                    8
Comestibles
 e - 7 bread rations
 j - a slice of pizza
 z - 6 fruits


   Skills:
 - Level 11.0 Fighting
 - Level 14.4 Long Blades
 + Level 8.4 Armour
 + Level 8.7 Shields


You had 10 spell levels left.
You didn't know any spells.

Dungeon Overview and Level Annotations

Branches:
Dungeon (11/15)            Temple (1/1) D:5            Lair (0/8) D:10
    Orc: D:9-12

Altars:
Ashenzari
Cheibriados
Dithmenos
Elyvilon
Fedhas
Gozag
Kikubaaqudgha
Makhleb
Nemelex Xobeh
Okawaru
Qazlal
Ru
Sif Muna
Trog
Vehumet
Xom
Yredelemnul
Zin
The Shining One

Shops:
D:8 (


Innate Abilities, Weirdness & Mutations

((You reflexively headbutt those who attack you in melee.))
((You have a pair of horns on your head.))
You can spit weak poison.


Message History

The 16-headed hydra bites you but does no damage. x2
The 16-headed hydra bites you.
* * * LOW HITPOINT WARNING * * *
The 16-headed hydra completely misses you.
The 16-headed hydra bites you but does no damage. x6
The 16-headed hydra bites you.
* * * LOW HITPOINT WARNING * * *
The 16-headed hydra bites you but does no damage. x2
Unknown command.
Read which item? (? for menu, Esc to quit)
Okay, then.
Drink which item? (? for menu, Esc to quit)
You feel better.
The 16-headed hydra bites you but does no damage. x5
The 16-headed hydra completely misses you.
The 16-headed hydra bites you.
* * * LOW HITPOINT WARNING * * *
The 16-headed hydra bites you but does no damage.
The 16-headed hydra bites you.
You die...

y. .........# #.# #.......###.#
..$#.##.#.#.# #.# #........##.#
...#G##.#.#.# #.# #..###...##.#
#.........#.###.# #..# #...##.#
##.#.....[.Y)..Y###.)###..###.#
#####..#.Yy.YO###))).......#
.......####y# ###(########
####...## #D# #.# #...# #♣# #.#
#...# #.# #.# ...(.# #.# #.#
####..# #.#####.# #.......##
...#####.####...#
#...............#
#(####.#.###...# #...#...##.##


You could see a 16-headed hydra, an ogre, a wasp and 2 sheep.

Vanquished Creatures
  Pikel (D:4)
  A hill giant (D:10)
  A cyclops (D:11)
  A two-headed ogre (D:9)
  A spriggan (D:7)
  3 wyverns
  A deep elf mage (D:9)
  4 yaks (D:10)
  A deep elf fighter (D:10)
  Grum (D:11)
  4 wolves (D:11)
  2 hippogriffs
  5 ice beasts
  5 orc warriors
  4 black bears
  A necrophage (D:6)
  A slave (D:4)
  2 phantoms
  6 centaurs
  2 crocodiles (D:10)
  7 ogres
  The ghost of Clownie the Sneak, an amateur OpAs (D:3)
  5 giant frogs
  3 scorpions
  12 wights
  3 vampire bats (D:5)
  4 crimson imps
  4 hounds
  A jelly (D:5)
  6 centaur skeletons
  A centaur zombie (D:8)
  7 orc priests
  2 giant frog skeletons
  17 orc wizards
  4 iguanas
  4 worker ants
  A hound zombie (D:9)
  A worker ant zombie (D:7)
  3 gnolls (D:4)
  3 river rats (D:10)
  15 adders
  2 shadow imps (D:8)
  2 adder zombies
  2 oozes
  An adder skeleton (D:8)
  2 worms
  6 giant geckos
  52 orcs
  3 bat skeletons (D:5)
  2 bat zombies (D:5)
  5 giant cockroaches
  3 goblins
  6 hobgoblins
  5 jackals
  5 quokkas
  20 bats
  A giant gecko skeleton (D:4)
  3 giant newts
  7 kobolds
  14 rats
292 creatures vanquished.

Vanquished Creatures (others)
  A slave (D:4)
  A giant newt (D:4)
  A fungus (D:10)
3 creatures vanquished.

Grand Total: 295 creatures vanquished

Notes
Turn   | Place    | Note
--------------------------------------------------------------
     0 | D:1      | PossumBlood the Minotaur Fighter began the quest for the Orb.
     0 | D:1      | Reached XP level 1. HP: 19/19 MP: 0/0
   188 | D:1      | Reached XP level 2. HP: 23/26 MP: 1/1
   414 | D:1      | Reached skill level 4 in Long Blades
   803 | D:2      | Reached XP level 3. HP: 31/31 MP: 2/2
  1096 | D:2      | Reached skill level 5 in Long Blades
  1123 | D:2      | Reached XP level 4. HP: 39/39 MP: 3/3
  1528 | D:3      | Reached skill level 6 in Long Blades
  1529 | D:3      | Reached XP level 5. HP: 31/45 MP: 4/4
  1727 | D:3      | Noticed Clownie's ghost (amateur OpAs)
  1739 | D:3      | Killed Clownie's ghost
  1739 | D:3      | Reached skill level 7 in Long Blades
  2202 | D:4      | Reached XP level 6. HP: 48/51 MP: 5/5
  2278 | D:4      | Found a shattered altar of Ashenzari.
  2290 | D:4      | Noticed an ogre
  2295 | D:4      | Killed an ogre
  2295 | D:4      | Reached skill level 8 in Long Blades
  2676 | D:4      | Noticed a slave
  2677 | D:4      | Noticed a slave
  2677 | D:4      | Noticed Pikel
  2679 | D:4      | Noticed a slave
  2685 | D:4      | Killed a slave
  2696 | D:4      | Killed Pikel
  2696 | D:4      | Reached skill level 10 in Long Blades
  2696 | D:4      | Reached XP level 7. HP: 26/57 MP: 6/6
  2699 | D:4      | Noticed a freed slave
  2980 | D:4      | Noticed an ogre
  2986 | D:4      | Killed an ogre
  3008 | D:4      | Reached skill level 11 in Long Blades
  3016 | D:4      | Reached XP level 8. HP: 36/64 MP: 7/7
  3239 | D:4      | Found a shadowy altar of Dithmenos.
  3430 | D:4      | Killed a freed slave
  3487 | D:5      | Entered Level 5 of the Dungeon
  3655 | D:5      | Found a staircase to the Ecumenical Temple.
  3664 | Temple   | Entered the Ecumenical Temple
  3772 | Temple   | Became a worshipper of Warmaster Okawaru
  3845 | D:5      | Found a shimmering altar of Xom.
  3905 | D:5      | Found a burning altar of Makhleb.
  3906 | D:5      | Found a stormy altar of Qazlal.
  3906 | D:5      | Found a white marble altar of Elyvilon.
  3908 | D:5      | Found a glowing silver altar of Zin.
  3909 | D:5      | Found a blossoming altar of Fedhas.
  4098 | D:5      | Found an ancient bone altar of Kikubaaqudgha.
  4166 | D:5      | Reached skill level 12 in Long Blades
  4505 | D:6      | Reached * piety under Okawaru
  4692 | D:6      | Reached skill level 13 in Long Blades
  5059 | D:6      | Reached XP level 9. HP: 52/70 MP: 8/8
  5138 | D:6      | Found an opulent altar of Gozag.
  5555 | D:6      | Reached skill level 14 in Long Blades
  5791 | D:6      | Reached ** piety under Okawaru
  6086 | D:6      | Found a sacrificial altar of Ru.
  6377 | D:7      | Found a bloodstained altar of Trog.
  6382 | D:7      | Reached skill level 5 in Fighting
  6590 | D:7      | Gained mutation: You can spit weak poison. [potion of mutation]
  6590 | D:7      | Gained mutation: Your spells are a little harder to cast, but a little more powerful. [potion of mutation]
  6590 | D:7      | Lost mutation: Your spells are a little harder to cast, but a little more powerful. [potion of mutation]
  7120 | D:7      | Got a faintly humming ring mail
  7131 | D:7      | Identified the cursed +1 ring mail "Oforor Rawuv" {rElec rN+ Int+2} (You found it on level 7 of the Dungeon)
  7163 | D:8      | Identified a scroll of acquirement
  7164 | D:8      | Got a crude falchion
  7165 | D:8      | Identified the +5 falchion "Cyxaokim" {venom, *Corrode rElec rF+ rN+} (You acquired it on level 8 of the Dungeon)
  7356 | D:8      | Found Wypapor's Antique Weapon Shop.
  7531 | D:8      | Reached XP level 10. HP: 86/91 MP: 9/9
  7655 | D:8      | Reached *** piety under Okawaru
  7868 | D:9      | Reached skill level 10 in Fighting
  8248 | D:10     | Entered Level 10 of the Dungeon
  8336 | D:10     | Reached **** piety under Okawaru
  8388 | D:10     | Found a staircase to the Lair.
  8451 | D:10     | Reached skill level 5 in Shields
  8633 | D:10     | Reached skill level 5 in Armour
  8839 | D:10     | Noticed a hill giant
  8844 | D:10     | Killed a hill giant
  9288 | D:10     | Reached ***** piety under Okawaru
  9330 | D:10     | Found a shimmering altar of Xom.
  9331 | D:10     | Found a shimmering altar of Xom.
  9332 | D:10     | Found a shimmering altar of Xom.
  9332 | D:10     | Found a shimmering altar of Xom.
  9333 | D:10     | Found a shimmering altar of Xom.
  9333 | D:10     | Found a shimmering altar of Xom.
  9333 | D:10     | Found a shimmering altar of Xom.
  9333 | D:10     | Found a shimmering altar of Xom.
  9598 | D:11     | Found a blossoming altar of Fedhas.
  9634 | D:11     | Got a pitted glaive
  9641 | D:11     | Reached XP level 11. HP: 102/102 MP: 10/10
  9897 | D:11     | Noticed Grum
  9910 | D:11     | Killed Grum
 10032 | D:11     | Received a gift from Okawaru
 10359 | D:11     | Noticed a six-headed hydra
 10389 | D:11     | HP: 4/153 [16-headed hydra (6)]
 10391 | D:11     | Slain by a 16-headed hydra

Action                   |  1- 3 |  4- 6 |  7- 9 | 10-12 || total
-------------------------+-------+-------+-------+-------++-------
Melee: Long sword        |    88 |   125 |   405 |       ||   618
       Falchion          |       |       |    31 |   358 ||   389
  Use: Scroll            |       |    10 |    10 |     6 ||    26
       Potion            |       |     4 |     5 |     7 ||    16
 Stab: Sleeping          |       |       |       |    10 ||    10
  Eat: Bread ration      |     1 |     1 |     2 |       ||     4
       Beef jerky        |       |       |     1 |     2 ||     3
       Royal jelly       |       |       |     1 |     1 ||     2
       Meat ration       |       |       |       |     1 ||     1
